 Dungeon Crawl Stone Soup version 0.28.0-53-g5a82cb258f (webtiles) character file.

Game seed: 3844982778344735081

345 Sin92 the Skirmisher (level 6, -3/48 HPs)
             Began as a Demonspawn Fighter on June 3, 2022.
             Slain by a gnoll sergeant
             ... wielding a +0 spear of venom
              (9 damage)
             ... on level 5 of the Dungeon.
             The game lasted 00:04:41 (2795 turns).

Sin92 the Skirmisher (Demonspawn Fighter)           Turns: 2795, Time: 00:04:42

Health: -3/48      AC: 10    Str: 18    XL:     6   Next: 32%
Magic:  0/6        EV:  7    Int: 10    God:
Gold:   96         SH:  5    Dex: 14    Spells: 5/5 levels left

rFire   . . .      SeeInvis .   a - +0 war axe
rCold   . . .      Faith    .   c - +0 buckler
rNeg    . . .      Spirit   .   n - +0 chain mail
rPois   .          Reflect  .   (no helmet)
rElec   .          Harm     .   (no cloak)
rCorr   .          Rampage  .   f - +0 pair of gloves
Will    .....                   (no boots)
Stlth   ..........              (no amulet)
HPRegen 0.16/turn               (no ring)
MPRegen 0.10/turn               (no ring)

@: no status effects
A: hooves 2, thin skeletal structure 1
a: no special abilities


You were on level 5 of the Dungeon.
You visited 2 branches of the dungeon, and saw 6 of its levels.

You collected 96 gold pieces.

Inventory:

Hand Weapons
 a - a +0 war axe (weapon)
Armour
 b - a +0 scale mail
 c - a +0 buckler (worn)
 f - a +0 pair of gloves (worn)
 n - a +0 chain mail (worn)
Scrolls
 e - a scroll of enchant armour {unknown}
 h - 2 scrolls of noise {unknown}
Potions
 d - 2 potions of flight {unknown}
 g - 3 potions of heal wounds
 i - a potion of curing
 j - a potion of mutation {unknown}
 p - a potion of haste {unknown}


   Skills:
 + Level 4.1 Fighting
 + Level 3.1 Axes
 + Level 3.7 Armour
 + Level 2.3 Dodging
 + Level 3.8 Shields


You had 5 spell levels left.
You didn't know any spells.
Your spell library contained the following spells:

 Spells                   Type           Power      Damage    Failure   Level
 Animate Skeleton         Necr           0%         N/A       99%         1
 Apportation              Tloc           0%         N/A       99%         1
 Summon Small Mammal      Summ           0%         N/A       99%         1
 Ensorcelled Hibernation  Hex/Ice        0%         N/A       100%        2
 Passwall                 Tmut/Erth      0%         N/A       100%        2
 Sublimation of Blood     Necr           0%         N/A       100%        2
 Wereblood                Tmut           0%         N/A       100%        2
 Swiftness                Air            0%         N/A       100%        3
 Summon Hydra             Summ           0%         N/A       100%        7


Dungeon Overview and Level Annotations

Branches:
Dungeon (4/15)             Temple (1/1) D:4

Altars:
Ashenzari
Cheibriados
Elyvilon
Fedhas
Gozag
Hepliaklqana
Makhleb
Qazlal
Ru
Sif Muna
Uskayaw
Vehumet
Yredelemnul
Zin

Shops:
D:2 *

Annotations:
D:3 3 runed translucent doors, Zeld's ghost, amateur MiBe


Innate Abilities, Weirdness & Mutations

You have hoof-like feet.
You have a somewhat thin skeletal structure. (Dex +2, Stealth+)


Message History

Blink to where?
Press: ? - help, Dir - move target
As you read the scroll labelled NEUCLEP ANAIPS, it crumbles to dust.
It was a scroll of blinking.
Your surroundings suddenly seem different.
A jelly, 5 gnolls, a scorpion and a quokka come into view.
A gnoll sergeant is wielding a +0 spear of venom.
A gnoll is wielding a +2 antimagic halberd.
Found 39 stones and a flail.
Found an escape hatch in the ceiling.
The jelly quivers.
The gnoll shouts! x3
The gnoll sergeant barely misses you. You block the gnoll's attack.
You block the quokka's attack. The gnoll barely misses you.
The gnoll sergeant hits you from afar with a +0 spear of venom!
You are poisoned.
You feel very sick.
The gnoll hits you with a +2 antimagic halberd.
You feel your power leaking away.
You feel very sick. You block the gnoll's attack.
You closely miss the quokka. Your kick misses the quokka.
You feel sick.
The quokka bites you but does no damage.
The gnoll hits you from afar with a +0 halberd!
* * * LOW HITPOINT WARNING * * *
The gnoll hits you but does no damage. The quokka bites you.
* * * LOW HITPOINT WARNING * * *
Unknown command.
You feel better. You block the gnoll's attack. The gnoll barely misses you.
The quokka bites you but does no damage.
You block the gnoll's attack.
You barely miss the quokka. Your kick misses the quokka. You slash the gnoll!
The gnoll hits you but does no damage. You block the quokka's attack.
The gnoll hits you from afar with a +0 halberd.
* * * LOW HITPOINT WARNING * * *
You block the gnoll's attack.
The gnoll hits you from afar with a +2 antimagic halberd!
* * * LOW HITPOINT WARNING * * *
You feel your power leaking away.
The gnoll sergeant hits you from afar with a +0 spear of venom!
You die...

#. ##.##..# . #)
#.....# . .......
..###.##.....#.
.......
..............
##.......
.........##.#
..........
........s...#....
....$
..(....gg.....(#
.§§
......Jgg##...#
#####§##
......#gr@..#.#
#...§§§§
........##### #
...###§§#
........# #§##
......... ..
......... #.#
.######.. .. ..
#.. ###


You could see a gnoll sergeant, a scorpion, a jelly, 4 gnolls and a quokka.

Vanquished Creatures
  Sigmund (D:2)
  An orc priest (D:3)
  Terence (D:3)
  Robin (D:3)
  3 adders
  An adder skeleton (D:4)
  2 worms
  A dart slug (D:1)
  9 orcs (D:3)
  7 bats
  3 endoplasms
  A giant cockroach (D:3)
  13 goblins
  11 hobgoblins
  2 quokkas (D:1)
  8 ball pythons
  2 frilled lizards (D:1)
  5 kobolds
  A rat (D:1)
73 creatures vanquished.

Notes
Turn   | Place    | Note
-------+----------+-------------------------------------------
     0 | D:1      | Sin92 the Demonspawn Fighter began the quest for the Orb.
     0 | D:1      | Reached XP level 1. HP: 18/18 MP: 1/1
    74 | D:1      | Gained mutation: You have large cloven feet. [demonic
                  | ancestry]
    74 | D:1      | Reached XP level 2. HP: 15/24 MP: 2/2
   588 | D:1      | Found a faded altar of an unknown god.
   687 | D:2      | Noticed Sigmund
   697 | D:2      | Killed Sigmund
   698 | D:2      | Reached skill level 1 in Dodging
   698 | D:2      | Gained mutation: You have a somewhat thin skeletal
                  | structure. (Dex +2, Stealth+) [demonic ancestry]
   698 | D:2      | Reached XP level 3. HP: 3/30 MP: 3/3
   698 | D:2      | Reached XP level 4. HP: 3/37 MP: 4/4
   698 | D:2      | Reached XP level 5. HP: 4/42 MP: 5/5
  1324 | D:2      | Found a shimmering blue altar of Sif Muna.
  1393 | D:2      | Found Hovvul's General Store.
  1580 | D:3      | Found a snail-covered altar of Cheibriados.
  1893 | D:3      | Noticed Robin
  1905 | D:3      | Killed Robin
  2072 | D:3      | Found a runed translucent gate.
  2093 | D:3      | Found a runed translucent gate.
  2096 | D:3      | Found a runed translucent gate.
  2133 | D:3      | Noticed Terence
  2138 | D:3      | Gained mutation: You have hoof-like feet. [demonic
                  | ancestry]
  2138 | D:3      | Reached XP level 6. HP: 43/48 MP: 6/6
  2141 | D:3      | Reached skill level 4 in Fighting
  2150 | D:3      | Killed Terence
  2376 | D:3      | Found a stormy altar of Qazlal.
  2428 | D:3      | Noticed Zeld's ghost (amateur MiBe)
  2515 | D:4      | Found a staircase to the Ecumenical Temple.
  2530 | Temple   | Entered the Ecumenical Temple
  2785 | D:4      | You fall into a shaft and drop 1 floor!
  2785 | D:5      | Entered Level 5 of the Dungeon
  2795 | D:5      | Slain by a gnoll sergeant

Illustrated notes

Levels and vault maps discovered:
D:1:      lemuel_arrival_river_ford, layout_rooms,
          ebering_ecumenical_altar_abandoned, minmay_pentomino_x4
D:2:      layout_loops_ring, serial_shops, shop, basic_altar, uniq_sigmund
D:3:      layout_basic, lemuel_coloured_pillars_altar,
          mainiacjoe_overflow_paths, gammafunk_ghost_icy, uniq_robin,
          uniq_terence
D:4:      layout_loops_ring, kennysheep_mini, minmay_temple_entry_offerings
D:5:      layout_rooms
Temple:   jpeg_temple_clearing

Skill      XL: |  1  2  3  4  5  6 |
---------------+-------------------+-----
Axes           | 2 3 |  3.1
Armour         | 3 |  3.7
Dodging        | 1 2 |  2.3
Shields        | 3 |  3.8
Fighting       | 4 |  4.1

Action                   |  1- 3 |  4- 6 || total
-------------------------+-------+-------++-------
Melee: War axe           |    57 |   111 ||   168
       Kick              |     9 |    21 ||    30
  Use: Potion            |     1 |     2 ||     3
       Scroll            |       |     4 ||     4
Armor: Scale mail        |    31 |    42 ||    73
       Chain mail        |       |     9 ||     9
Dodge: Dodged            |    34 |    65 ||    99
Block: Buckler           |    12 |    21 ||    33
